 Dungeon Crawl Stone Soup version 0.25.1-2-g60ff931df9 (webtiles) character file.

Game seed: 17779668477787748906

7201 goulibeur the Carver (level 10, -2/93 HPs)
             Began as a Black Draconian Berserker on Oct 24, 2020.
             Was a High Priest of Trog.
             Slain by a yak (17 damage)
             ... on level 9 of the Dungeon on Oct 25, 2020.
             The game lasted 01:24:26 (7614 turns).

goulibeur the Carver (Black Draconian Berserker)    Turns: 7614, Time: 01:24:26

Health: -2/93      AC:  9    Str: 19    XL:     10   Next: 87%
Magic:  10/10      EV: 16    Int:  9    God:    Trog [*****.]
Gold:   424        SH:  0    Dex: 13    Spells: 9/9 levels left

rFire    . . .     SeeInvis .   i - +1 falchion
rCold    . . .     Gourm    .   (no shield)
rNeg     . . .     Faith    .   (armour unavailable)
rPois    .         Spirit   .   (helmet restricted)
rElec    +         Reflect  .   K - +0 cloak
rCorr    .         Harm     .   e - +0 pair of gloves
MR       .....                  (no boots)
Stlth    +.........             n - amulet of regeneration
HPRegen  0.65/turn              (no ring)
MPRegen  0.12/turn              (no ring)

@: marked, berserk cooldown
A: breathe lightning, unfitting armour, electricity resistance, cold-blooded, AC
+7
a: Breathe Lightning, Berserk, Trog's Hand, Brothers in Arms, Renounce Religion


You were on level 9 of the Dungeon.
You worshipped Trog.
Trog was extremely pleased with you.
You were near starving.

You visited 1 branch of the dungeon, and saw 9 of its levels.

You collected 424 gold pieces.

Inventory:

Hand Weapons
 a - a +0 short sword
 i - a +1 falchion (weapon)
 D - a +0 glaive of distortion
Missiles
 m - 32 poisoned darts (quivered)
 s - 8 boomerangs
 w - 47 bolts
 O - 5 javelins
Armour
 d - a cursed +0 pair of boots
 e - a +0 pair of gloves (worn)
 y - a +0 pair of boots
 H - a +0 pair of gloves
 K - a +0 cloak (worn)
 P - a +0 cloak
Jewellery
 n - an amulet of regeneration (around neck)
 z - a cursed amulet of inaccuracy {unknown}
 C - an uncursed amulet of faith {unknown}
 F - a cursed ring of teleportation {unknown}
 G - an uncursed ring of protection from fire {unknown}
Wands
 j - a wand of random effects (21)
 r - a wand of enslavement (4)
 B - a wand of disintegration (17)
 E - a wand of digging (5)
 L - a wand of iceblast (8)
 M - a wand of polymorph (8)
Scrolls
 c - 2 scrolls of remove curse
 f - 3 scrolls of fog {unknown}
 h - a scroll of blinking {unknown}
 k - 2 scrolls of immolation {unknown}
 l - 2 scrolls of teleportation
 o - a scroll of amnesia {unknown}
 q - a scroll of fear {unknown}
 v - 2 scrolls of enchant weapon
 Q - a scroll of vulnerability {unknown}
Potions
 g - a potion of haste {unknown}
 p - a potion of ambrosia {unknown}
 t - 4 potions of curing
 u - 2 potions of magic {unknown}
 x - a potion of resistance {unknown}
 A - 2 potions of heal wounds {unknown}
 I - a potion of flight {unknown}
 J - a potion of stabbing {unknown}
Comestibles
 b - 10 rations
 N - 5 chunks of flesh


   Skills:
 - Level 10.2 Fighting
 - Level 3.0(7.5) Short Blades
 * Level 10.8(10.9) Long Blades
 + Level 4.1 Throwing
 + Level 7.7 Dodging


You had 9 spell levels left.
You didn't know any spells.
Your spell library was empty.

Dungeon Overview and Level Annotations

Branches:
Dungeon (9/15)             Temple (0/1) D:6
   Lair: D:8-11         Orc: D:9-12

Altars:
Fedhas
Kikubaaqudgha
Okawaru
Ru
Trog
Uskayaw
The Shining One

Annotations:
D:5 2 transporters, gruber's ghost, novice CeHu
D:9 Psyche


Innate Abilities, Weirdness & Mutations

You can breathe wild blasts of lightning.
Your glossy black scales are hard. (AC +7)
You cannot fit into any form of body armour.
You are resistant to electric shocks. (rElec)
You are cold-blooded and may be slowed by cold attacks.


Message History

You feel yourself speed up. The yak closely misses you.
You slash the yak!
The yak is heavily wounded.
The yak closely misses you.
You hit the yak but do no damage.
The yak is heavily wounded.
The yak gores you but does no damage.
You hit the yak.
You tail-slap the yak, but do no damage.
The yak is heavily wounded.
You hit the yak but do no damage.
The yak is heavily wounded.
The yak closely misses you.
You riposte.
You slash the yak! You tail-slap the yak.
The yak is almost dead.
You hit the yak but do no damage.
The yak is almost dead.
The yak gores you!
You die...

##.<##.÷.........#####..#####
......)########### .##
##.#.#### .# #.#..(§### #.#
..####.@.## #.# .## ###(.#
#.# . ###(##### #.#
#......5#### #.##
#......YY@.####..
#..[..({#####...## #.......#
#.#. ####..### #[#.# #..#
#.#.# #..# #.#.# #. #(....#
#.#.####.... #.......
#(...<.)># #....##...
#....#####


You could see 2 yaks and a crimson imp.

Vanquished Creatures
  Harold (D:9)
  2 two-headed ogres (D:8)
  Maggie (D:7)
  A hippogriff (D:9)
  The ghost of markt42 the Covered, an amateur GrFi (D:4)
  2 humans (D:7)
  3 yaks (D:9)
  2 ice beasts
  2 sky beasts (D:7)
  An orc warrior (D:7)
  A phantom (D:6)
  2 black bears
  An eye of draining (D:8)
  2 necrophages
  An ogre (D:8)
  A crocodile (D:9)
  4 centaurs
  3 big kobolds
  4 bullfrogs
  A water moccasin zombie (D:5)
  2 scorpions
  A wyvern skeleton (D:6)
  6 killer bees (D:7)
  7 wights
  A howler monkey (D:9)
  5 crimson imps
  A bullfrog zombie (D:3)
  A centaur zombie (D:5)
  A jelly (D:6)
  8 orc wizards
  2 gnoll shamans (D:7)
  2 hounds (D:4)
  A bullfrog skeleton (D:7)
  4 iguanas
  Ijyb (D:5)
  3 worker ants
  2 hound skeletons
  A howler monkey zombie (D:7)
  7 gnolls (D:7)
  7 adders
  3 shadow imps
  An ooze (D:2)
  3 adder skeletons
  An adder zombie (D:7)
  3 worms
  2 dart slugs (D:3)
  3 leopard geckos
  20 orcs
  2 ball pythons
  4 giant cockroaches
  3 goblins
  13 hobgoblins
  10 jackals
  3 quokkas
  7 bats
  3 frilled lizards (D:2)
  A jackal zombie (D:5)
  14 kobolds
  A leopard gecko skeleton (D:7)
  A leopard gecko zombie (D:8)
  10 rats
207 creatures vanquished.

Notes
Turn   | Place    | Note
-------+----------+-------------------------------------------
     0 | D:1      | goulibeur the Draconian Berserker began the quest for the
                  | Orb.
     0 | D:1      | Reached XP level 1. HP: 19/19 MP: 1/1
    96 | D:1      | You fall into a shaft and drop 1 floor!
   117 | D:2      | Reached XP level 2. HP: 18/27 MP: 2/2
   409 | D:2      | Reached XP level 3. HP: 33/33 MP: 3/3
   487 | D:2      | Noticed a moth of wrath
   537 | D:2      | Found a bloodstained altar of Trog.
   748 | D:2      | Reached ** piety under Trog
   901 | D:3      | Reached skill level 1 in Long Blades
   974 | D:3      | Reached XP level 4. HP: 41/41 MP: 4/4
  1524 | D:3      | Reached skill level 5 in Fighting
  1620 | D:3      | Reached XP level 5. HP: 46/48 MP: 5/5
  2228 | D:4      | Reached XP level 6. HP: 57/57 MP: 6/6
  2543 | D:4      | Found a runed translucent door.
  2544 | D:4      | Noticed markt42's ghost (amateur GrFi)
  2561 | D:4      | Reached *** piety under Trog
  2758 | D:4      | Killed markt42's ghost
  2758 | D:4      | Your scales start taking on a glossy black colour.
  2758 | D:4      | Reached XP level 7. HP: 64/64 MP: 7/7
  2758 | D:4      | Gained mutation: You are resistant to electric shocks.
                  | (rElec) [Black Draconian growth]
  2774 | D:5      | Entered Level 5 of the Dungeon
  2852 | D:5      | Found an ancient bone altar of Kikubaaqudgha.
  3034 | D:5      | Found a sacrificial altar of Ru.
  3059 | D:5      | Noticed Ijyb
  3087 | D:5      | Killed Ijyb
  3355 | D:5      | Reached skill level 5 in Long Blades
  3534 | D:5      | Reached XP level 8. HP: 73/73 MP: 8/8
  3816 | D:5      | Found a transporter.
  3818 | D:5      | Found a transporter.
  3819 | D:5      | Noticed gruber's ghost (novice CeHu)
  3823 | D:5      | Identified the cursed +2 dire flail of Annoyance {pain,
                  | Str+5}
  4161 | D:6      | Found a staircase to the Ecumenical Temple.
  4166 | D:6      | Reached **** piety under Trog
  4384 | D:6      | Reached skill level 5 in Dodging
  4547 | D:6      | Found a sacrificial altar of Ru.
  4547 | D:6      | Found a hide-covered altar of Uskayaw.
  5030 | D:7      | Noticed Maggie
  5072 | D:7      | Killed Maggie
  5072 | D:7      | Reached XP level 9. HP: 67/83 MP: 9/9
  5340 | D:7      | Found a glowing golden altar of the Shining One.
  5796 | D:7      | Reached ***** piety under Trog
  5796 | D:7      | Reached skill level 10 in Fighting
  6090 | D:7      | Found an iron altar of Okawaru.
  6182 | D:8      | Found a glowing golden altar of the Shining One.
  6182 | D:8      | Noticed a two-headed ogre
  6194 | D:8      | Killed a two-headed ogre
  6194 | D:8      | Reached skill level 1 in Throwing
  6194 | D:8      | Reached XP level 10. HP: 93/93 MP: 10/10
  6719 | D:8      | Noticed a two-headed ogre
  6740 | D:8      | Killed a two-headed ogre
  7007 | D:9      | Found a blossoming altar of Fedhas.
  7153 | D:9      | Noticed Psyche
  7336 | D:9      | Reached skill level 10 in Long Blades
  7552 | D:9      | Noticed Harold
  7597 | D:9      | Killed Harold
  7604 | D:9      | HP: 2/91 [yak (10)]
  7614 | D:9      | Slain by a yak

Illustrated notes

Levels and vault maps discovered:
D:1:      matt_arrival_spirals, layout_rooms
D:2:      layout_rooms, tgw_trog, minmay_vboxes
D:3:      layout_loops_ring, first_ration, grunt_decor_clamped
D:4:      layout_cave_pools, gammafunk_ghost_grave
D:5:      cheibrodos_barr_body, layout_basic, overflow_temple_1_default,
          gammafunk_ghost_smash, nicolae_ru_sacrificial_ziggurat, uniq_ijyb
D:6:      layout_loops_corners, gammafunk_temple_overflow_wave, temple_statues,
          minmay_misc_feat_cross
D:7:      layout_basic, basic_altar, okawaru_humans, uniq_maggie
D:8:      layout_basic, tso_altar
D:9:      layout_rooms, fedhas_bush_and_centaur_altar, uniq_harold, uniq_psyche

Skill      XL: |  1  2  3  4  5  6  7  8  9 10 |
---------------+-------------------------------+-----
Dodging        | 3 4 5 6 7 |  7.7
Fighting       | 4 5 6 7 9 10 | 10.2
Long Blades    | 1 2 3 4 5 7 9 10 | 10.8
Throwing       | 1 4 |  4.1
Short Blades   | |  3.0

Action                   |  1- 3 |  4- 6 |  7- 9 | 10-12 || total
-------------------------+-------+-------+-------+-------++-------
Melee: Short sword       |   108 |   159 |   341 |       ||   608
       Tailslap          |    12 |    17 |    78 |    48 ||   155
       Falchion          |       |       |   233 |   210 ||   443
Throw: Dart              |       |       |    12 |     4 ||    16
Invok: Berserk           |     4 |    10 |    15 |     5 ||    34
  Use: Scroll            |       |     3 |     2 |     1 ||     6
       Potion            |       |       |       |     1 ||     1
 Stab: Sleeping          |       |     1 |       |     2 ||     3
  Eat: Chunk             |     4 |    13 |    12 |     2 ||    31
       Ration            |       |       |     4 |     2 ||     6
Armor: Skin              |    33 |    42 |   114 |    49 ||   238
Dodge: Dodged            |    64 |    93 |   365 |   164 ||   686
       Rpst.: Falchion   |       |       |    48 |    38 ||    86
